[ AOE2 MATCH · #473334224 ]
UnrankedBurmese vs Goths
[ REPLAY ANALYSIS · EXTRACTED FROM THE RECORDED GAME ]
Feudal
6:20
Castle
12:50
Imperial
—
| APM avg | 14.9 |
| APM peak | 47 |
| eAPM avg | 14.4 |
| Villagers / military | 62 / 0 |
Focus
⚔️ 29.5% · 🌾 70.5%
Feudal
4:09
Castle
8:34
Imperial
14:07
| APM avg | 21.6 |
| APM peak | 54 |
| eAPM avg | 19.4 |
| Villagers / military | 24 / 3 |
Focus
⚔️ 20.6% · 🌾 79.4%
Unknown (759) ×30 · Mangonel ×3
Feudal
9:30
Castle
11:21
Imperial
14:50
| APM avg | 9.1 |
| APM peak | 21 |
| eAPM avg | 8.2 |
| Villagers / military | 25 / 16 |
Focus
⚔️ 14.9% · 🌾 85.1%
Steppe Lancer ×15 · Mangonel ×1
Feudal
6:33
Castle
10:49
Imperial
14:55
| APM avg | 24.0 |
| APM peak | 62 |
| eAPM avg | 19.6 |
| Villagers / military | 38 / 2 |
Focus
⚔️ 20.1% · 🌾 79.9%
Fishing Ship ×25 · Mangonel ×2
Feudal
4:20
Castle
6:57
Imperial
11:40
| APM avg | 20.3 |
| APM peak | 51 |
| eAPM avg | 20.2 |
| Villagers / military | 68 / 0 |
Focus
⚔️ 19.5% · 🌾 80.5%
Unknown (759) ×2
Feudal
7:40
Castle
16:45
Imperial
—
| APM avg | 4.6 |
| APM peak | 9 |
| eAPM avg | 4.5 |
| Villagers / military | 23 / 0 |
Focus
⚔️ 0.0% · 🌾 100.0%
Feudal
4:01
Castle
6:30
Imperial
9:03
| APM avg | 34.0 |
| APM peak | 73 |
| eAPM avg | 30.1 |
| Villagers / military | 45 / 47 |
Focus
⚔️ 17.9% · 🌾 82.1%
Chakram Thrower ×44 · Unknown (759) ×32 · Mangonel ×3
Feudal
4:39
Castle
6:28
Imperial
10:58
| APM avg | 34.7 |
| APM peak | 80 |
| eAPM avg | 26.9 |
| Villagers / military | 42 / 4 |
Focus
⚔️ 25.3% · 🌾 74.7%
Mangonel ×3 · Monk ×1
Match map
Initial resources + every placement click. Lines = walls · curves = elevation contours. ◆ gold · ⬟ stone · ● berries · ✦ relic · ◌ wall gap
Inputs per minute
— Rita That One Væb Girl - - 東亞窪地
Build order — Rita That One Væb Girl
First 150 of 169 actions detected
| 0:06 | Build | Lumber Camp |
| 0:13 | Build | House |
| 0:18 | Create | Villager (Male) ×4 |
| 0:18 | Create | Villager (Male) ×4 |
| 0:19 | Create | Villager (Male) ×4 |
| 0:54 | Research | Loom |
| 0:55 | Research | Loom |
| 0:55 | Research | Tech 1628 |
| 0:55 | Research | Tech 1628 |
| 1:09 | Build | Mill |
| 1:26 | Build | Farm |
| 1:45 | Build | Farm |
| 2:02 | Build | Farm |
| 2:10 | Research | Tech 1629 |
| 2:27 | Build | Farm |
| 2:30 | Create | Villager (Male) |
| 2:30 | Create | Villager (Male) |
| 2:53 | Create | Villager (Male) |
| 2:53 | Create | Villager (Male) |
| 3:00 | Build | Farm |
| 3:06 | Build | Farm |
| 3:34 | Create | Villager (Male) ×2 |
| 3:35 | Create | Villager (Male) ×2 |
| 3:35 | Create | Villager (Male) ×2 |
| 3:49 | Build | Farm |
| 4:18 | Build | Farm |
| 4:22 | Create | Villager (Male) ×5 |
| 5:28 | Research | Feudal Age |
| 5:40 | Create | Villager (Male) |
| 5:40 | Create | Villager (Male) |
| 5:40 | Create | Villager (Male) |
| 5:40 | Create | Villager (Male) |
| 5:41 | Create | Villager (Male) |
| 5:43 | Create | Villager (Male) |
| 6:20 | Age | Feudal Age |
| 7:05 | Research | Town Watch |
| 7:05 | Research | Town Watch |
| 7:06 | Research | Tech 1612 |
| 7:06 | Research | Tech 1612 |
| 7:06 | Research | Tech 1612 |
| 7:07 | Research | Tech 1613 |
| 7:07 | Research | Tech 1613 |
| 7:08 | Research | Wheelbarrow |
| 7:08 | Research | Wheelbarrow |
| 7:16 | Research | Tech 1699 |
| 7:16 | Research | Tech 1699 |
| 7:17 | Research | Tech 1700 |
| 7:17 | Research | Tech 1700 |
| 7:18 | Research | Tech 1700 |
| 7:24 | Research | Double-Bit Axe |
| 7:24 | Research | Double-Bit Axe |
| 7:25 | Research | Tech 1687 |
| 7:25 | Research | Tech 1687 |
| 7:25 | Research | Tech 1687 |
| 7:26 | Research | Tech 1688 |
| 7:26 | Research | Tech 1688 |
| 7:26 | Research | Tech 1688 |
| 7:54 | Build | Lumber Camp |
| 8:18 | Create | Villager (Male) ×5 |
| 8:19 | Create | Villager (Male) |
| 9:08 | Research | Town Watch |
| 9:08 | Research | Town Watch |
| 9:08 | Research | Tech 1612 |
| 9:09 | Research | Tech 1612 |
| 9:09 | Research | Tech 1612 |
| 9:09 | Research | Tech 1613 |
| 9:10 | Research | Tech 1613 |
| 9:10 | Research | Tech 1613 |
| 10:24 | Build | Lumber Camp |
| 10:55 | Build | Market |
| 11:22 | Build | Blacksmith |
| 11:32 | Research | Castle Age |
| 12:24 | Create | Villager (Male) ×5 |
| 12:25 | Create | Villager (Male) ×5 |
| 12:25 | Create | Villager (Male) ×5 |
| 12:25 | Create | Villager (Male) ×4 |
| 12:26 | Create | Villager (Male) ×4 |
| 12:45 | Build | Lumber Camp |
| 12:50 | Age | Castle Age |
| 12:58 | Research | Bow Saw |
| 12:59 | Research | Bow Saw |
| 12:59 | Research | Tech 1691 |
| 13:00 | Research | Tech 1691 |
| 13:00 | Research | Tech 1692 |
| 13:00 | Research | Tech 1692 |
| 13:07 | Research | Hand Cart |
| 13:08 | Research | Hand Cart |
| 13:08 | Research | Tech 1715 |
| 13:08 | Research | Tech 1715 |
| 13:08 | Research | Tech 1715 |
| 13:09 | Research | Tech 1715 |
| 13:09 | Research | Tech 1715 |
| 13:19 | Research | Tech 1715 |
| 13:19 | Research | Tech 1715 |
| 13:19 | Research | Tech 1716 |
| 13:20 | Research | Tech 1716 |
| 13:31 | Research | Forging |
| 13:32 | Research | Forging |
| 13:32 | Research | Forging |
| 13:32 | Research | Tech 1661 |
| 13:33 | Research | Tech 1661 |
| 13:33 | Research | Tech 1661 |
| 13:35 | Research | Iron Casting |
| 13:36 | Research | Tech 1662 |
| 13:36 | Research | Tech 1662 |
| 13:36 | Research | Tech 1662 |
| 13:36 | Research | Tech 1869 |
| 13:37 | Research | Tech 1869 |
| 13:37 | Research | Tech 1870 |
| 13:37 | Research | Tech 1870 |
| 13:40 | Research | Fletching |
| 13:40 | Research | Fletching |
| 13:41 | Research | Tech 1681 |
| 13:41 | Research | Tech 1681 |
| 13:42 | Research | Tech 1681 |
| 13:42 | Research | Tech 1682 |
| 13:42 | Research | Tech 1682 |
| 13:43 | Research | Tech 1682 |
| 13:51 | Research | Bodkin Arrow |
| 13:52 | Research | Bodkin Arrow |
| 13:52 | Research | Tech 1683 |
| 13:52 | Research | Tech 1683 |
| 13:53 | Research | Tech 1684 |
| 13:53 | Research | Tech 1684 |
| 14:05 | Research | Padded Archer Armor |
| 14:05 | Research | Padded Archer Armor |
| 14:05 | Research | Padded Archer Armor |
| 14:06 | Research | Tech 1695 |
| 14:06 | Research | Tech 1695 |
| 14:06 | Research | Tech 1695 |
| 14:07 | Research | Tech 1696 |
| 14:07 | Research | Tech 1696 |
| 14:07 | Research | Tech 1696 |
| 14:08 | Research | Tech 1697 |
| 14:08 | Research | Tech 1697 |
| 14:08 | Research | Tech 1698 |
| 14:09 | Research | Tech 1698 |
| 14:10 | Research | Scale Mail Armor |
| 14:11 | Research | Scale Mail Armor |
| 14:11 | Research | Tech 1663 |
| 14:12 | Research | Tech 1663 |
| 14:12 | Research | Tech 1664 |
| 14:13 | Research | Tech 1664 |
| 14:14 | Research | Scale Barding Armor |
| 14:15 | Research | Scale Barding Armor |
| 14:15 | Research | Tech 1871 |
| 14:16 | Research | Tech 1871 |
| 14:16 | Research | Tech 1872 |
| 14:16 | Research | Tech 1872 |
| 14:19 | Research | Chain Mail Armor |
Build order — 東亞窪地
First 150 of 185 actions detected
| 2:12 | Build | Lumber Camp |
| 2:57 | Build | Mill |
| 3:17 | Research | Feudal Age |
| 3:43 | Build | Farm |
| 3:47 | Build | Farm |
| 3:52 | Build | Farm |
| 3:58 | Build | Farm |
| 4:07 | Build | Farm |
| 4:09 | Age | Feudal Age |
| 4:13 | Build | Farm |
| 4:20 | Build | Market |
| 4:27 | Research | Wheelbarrow |
| 4:28 | Research | Wheelbarrow |
| 4:28 | Research | Tech 1699 |
| 4:44 | Build | Lumber Camp |
| 4:57 | Build | Blacksmith |
| 5:14 | Research | Tech 1955 |
| 5:15 | Research | Tech 1955 |
| 5:24 | Build | Farm |
| 5:56 | Research | Town Watch |
| 6:03 | Build | Lumber Camp |
| 6:16 | Research | Double-Bit Axe |
| 6:17 | Research | Tech 1687 |
| 6:17 | Research | Tech 1687 |
| 6:17 | Research | Tech 1688 |
| 6:17 | Research | Tech 1688 |
| 6:52 | Research | Tech 1612 |
| 6:52 | Research | Tech 1613 |
| 7:30 | Research | Castle Age |
| 7:53 | Research | Tech 1625 |
| 7:54 | Research | Tech 1625 |
| 7:54 | Research | Tech 1624 |
| 7:54 | Research | Tech 1624 |
| 7:54 | Research | Horse Collar |
| 8:00 | Research | Forging |
| 8:00 | Research | Tech 1661 |
| 8:00 | Research | Tech 1662 |
| 8:01 | Research | Tech 1662 |
| 8:02 | Research | Scale Barding Armor |
| 8:03 | Research | Tech 1871 |
| 8:03 | Research | Tech 1872 |
| 8:04 | Research | Scale Mail Armor |
| 8:05 | Research | Tech 1663 |
| 8:05 | Research | Tech 1664 |
| 8:05 | Research | Tech 1664 |
| 8:08 | Research | Fletching |
| 8:08 | Research | Fletching |
| 8:09 | Research | Tech 1681 |
| 8:09 | Research | Tech 1681 |
| 8:09 | Research | Tech 1682 |
| 8:10 | Research | Padded Archer Armor |
| 8:11 | Research | Tech 1695 |
| 8:11 | Research | Tech 1696 |
| 8:11 | Research | Tech 1696 |
| 8:34 | Age | Castle Age |
| 8:35 | Create | Villager (Male) |
| 8:36 | Create | Villager (Male) |
| 8:36 | Create | Villager (Male) |
| 8:43 | Build | Town Center |
| 8:50 | Research | Bow Saw |
| 8:51 | Research | Bow Saw |
| 8:51 | Research | Tech 1691 |
| 8:51 | Research | Tech 1691 |
| 8:51 | Research | Tech 1692 |
| 9:00 | Research | Hand Cart |
| 9:01 | Research | Tech 1715 |
| 9:01 | Research | Tech 1716 |
| 9:01 | Research | Tech 1716 |
| 9:06 | Research | Town Patrol |
| 9:06 | Research | Town Patrol |
| 9:11 | Create | Villager (Male) |
| 9:12 | Create | Villager (Male) |
| 9:12 | Create | Villager (Male) |
| 9:15 | Create | Villager (Male) |
| 9:24 | Build | Farm |
| 9:29 | Build | Farm |
| 9:35 | Build | Lumber Camp |
| 9:38 | Create | Villager (Male) |
| 9:38 | Create | Villager (Male) |
| 9:39 | Create | Villager (Male) |
| 9:39 | Create | Villager (Male) |
| 9:55 | Create | Villager (Male) |
| 9:55 | Create | Villager (Male) |
| 9:56 | Create | Villager (Male) |
| 10:10 | Research | Loom |
| 10:11 | Research | Tech 1628 |
| 10:11 | Research | Tech 1628 |
| 10:11 | Research | Tech 1629 |
| 10:11 | Research | Tech 1629 |
| 10:16 | Create | Villager (Male) |
| 10:16 | Create | Villager (Male) |
| 10:18 | Create | Villager (Male) |
| 10:23 | Research | Chain Barding Armor |
| 10:23 | Research | Chain Barding Armor |
| 10:24 | Research | Chain Mail Armor |
| 10:24 | Research | Iron Casting |
| 10:25 | Research | Tech 1667 |
| 10:25 | Research | Tech 1668 |
| 10:26 | Research | Tech 1673 |
| 10:27 | Research | Tech 1869 |
| 10:27 | Research | Tech 1869 |
| 10:27 | Research | Tech 1870 |
| 10:27 | Research | Tech 1870 |
| 10:28 | Research | Tech 1674 |
| 10:29 | Research | Tech 1674 |
| 10:29 | Research | Tech 1674 |
| 10:52 | Build | Castle |
| 11:01 | Build | Lumber Camp |
| 11:24 | Research | Tech 1674 |
| 11:24 | Research | Tech 1674 |
| 11:46 | Create | Villager (Male) |
| 11:47 | Create | Villager (Male) |
| 11:52 | Build | Lumber Camp |
| 12:05 | Build | Farm |
| 12:10 | Build | Lumber Camp |
| 12:19 | Build | Lumber Camp |
| 12:28 | Research | Anarchy |
| 12:28 | Research | Anarchy |
| 12:48 | Research | Imperial Age |
| 12:51 | Research | Leather Archer Armor |
| 12:52 | Research | Leather Archer Armor |
| 12:52 | Research | Bodkin Arrow |
| 12:53 | Research | Tech 1697 |
| 12:53 | Research | Tech 1698 |
| 12:53 | Research | Tech 1698 |
| 13:19 | Build | Barracks |
| 13:29 | Build | Barracks |
| 13:34 | Build | Lumber Camp |
| 13:41 | Build | Lumber Camp |
| 13:52 | Research | Pikeman (upgrade) |
| 13:55 | Research | Tech 1721 |
| 13:55 | Research | Tech 1722 |
| 13:56 | Research | Squires |
| 13:56 | Research | Tech 1701 |
| 14:00 | Research | Tech 1721 |
| 14:01 | Research | Tech 1858 |
| 14:02 | Research | Tech 1702 |
| 14:02 | Research | Tech 1702 |
| 14:02 | Research | Tech 1722 |
| 14:07 | Age | Imperial Age |
| 14:12 | Build | Lumber Camp |
| 14:23 | Create | Unit 759 ×5 |
| 14:23 | Create | Unit 759 ×5 |
| 14:31 | Research | Spies/Treason |
| 14:33 | Research | Conscription |
| 14:35 | Research | Elite Huskarl (upgrade) |
| 14:42 | Build | Lumber Camp |
| 15:00 | Build | Siege Workshop |
| 15:03 | Build | Lumber Camp |
| 15:05 | Create | Villager (Male) |
Build order — Panda314
84 actions detected in the replay
| 0:17 | Build | Mill |
| 0:19 | Build | House |
| 0:22 | Create | Villager (Male) ×4 |
| 0:34 | Build | Farm |
| 1:16 | Build | Farm |
| 1:43 | Build | Farm |
| 1:49 | Create | Villager (Male) |
| 2:24 | Create | Villager (Male) |
| 2:30 | Build | Farm |
| 2:46 | Create | Villager (Male) |
| 2:47 | Create | Villager (Male) |
| 2:57 | Build | Farm |
| 3:23 | Build | Farm |
| 3:32 | Create | Villager (Male) |
| 3:32 | Create | Villager (Male) |
| 3:46 | Build | Farm |
| 4:18 | Build | Farm |
| 4:30 | Create | Villager (Male) |
| 4:31 | Create | Villager (Male) |
| 4:33 | Build | Farm |
| 5:08 | Build | Farm |
| 5:11 | Build | Farm |
| 5:14 | Create | Villager (Male) |
| 5:14 | Create | Villager (Male) |
| 5:31 | Create | Villager (Male) |
| 5:45 | Build | Farm |
| 6:07 | Create | Villager (Male) |
| 6:16 | Build | Farm |
| 6:42 | Create | Villager (Male) |
| 6:42 | Create | Villager (Male) |
| 7:35 | Create | Villager (Male) |
| 8:02 | Create | Villager (Male) |
| 8:19 | Build | Lumber Camp |
| 8:24 | Research | Feudal Age |
| 9:30 | Age | Feudal Age |
| 9:31 | Research | Double-Bit Axe |
| 9:32 | Research | Double-Bit Axe |
| 9:32 | Research | Tech 1687 |
| 9:32 | Research | Tech 1687 |
| 9:33 | Research | Tech 1688 |
| 9:33 | Research | Tech 1688 |
| 9:38 | Research | Tech 1625 |
| 9:38 | Research | Tech 1625 |
| 9:38 | Research | Tech 1625 |
| 9:39 | Research | Tech 1624 |
| 9:39 | Research | Tech 1624 |
| 9:40 | Research | Horse Collar |
| 9:40 | Research | Horse Collar |
| 10:01 | Build | Blacksmith |
| 10:05 | Build | Market |
| 10:17 | Research | Castle Age |
| 10:40 | Build | Barracks |
| 11:02 | Build | Archery Range |
| 11:21 | Age | Castle Age |
| 11:23 | Research | Town Watch |
| 11:23 | Research | Town Watch |
| 11:24 | Research | Tech 1612 |
| 11:25 | Research | Tech 1613 |
| 11:29 | Research | Bow Saw |
| 11:29 | Research | Bow Saw |
| 11:29 | Research | Tech 1691 |
| 11:30 | Research | Tech 1691 |
| 11:30 | Research | Tech 1692 |
| 11:31 | Research | Tech 1692 |
| 11:33 | Research | Tech 1623 |
| 11:34 | Research | Tech 1623 |
| 11:34 | Research | Tech 1622 |
| 11:35 | Research | Tech 1622 |
| 11:35 | Research | Heavy Plow |
| 11:35 | Research | Heavy Plow |
| 12:20 | Create | Villager (Male) ×5 |
| 12:51 | Build | Siege Workshop |
| 13:01 | Build | Monastery |
| 13:16 | Research | Imperial Age |
| 14:39 | Create | Mangonel |
| 14:50 | Age | Imperial Age |
| 14:54 | Research | Onager (upgrade) |
| 15:01 | Build | Stable |
| 15:04 | Build | Stable |
| 15:28 | Build | House |
| 15:32 | Build | Palisade Wall |
| 16:01 | Create | Steppe Lancer ×5 |
| 16:02 | Create | Steppe Lancer ×5 |
| 16:02 | Create | Steppe Lancer ×5 |
Build order — WipiWi
First 150 of 237 actions detected
| 0:13 | Build | Mill |
| 0:14 | Build | House |
| 0:18 | Create | Villager (Male) |
| 0:18 | Create | Villager (Male) |
| 0:19 | Create | Villager (Male) |
| 0:19 | Create | Villager (Male) |
| 0:19 | Create | Villager (Male) |
| 0:20 | Create | Villager (Male) |
| 0:27 | Build | Farm |
| 1:08 | Build | Farm |
| 1:27 | Build | Farm |
| 1:36 | Create | Villager (Male) |
| 2:04 | Build | Farm |
| 2:07 | Create | Villager (Male) |
| 2:31 | Create | Villager (Male) |
| 2:42 | Create | Villager (Male) |
| 2:50 | Create | Villager (Male) |
| 3:02 | Build | Lumber Camp |
| 3:46 | Create | Villager (Male) |
| 3:46 | Create | Villager (Male) |
| 3:47 | Create | Villager (Male) |
| 3:47 | Create | Villager (Male) |
| 3:55 | Build | Farm |
| 4:11 | Build | Farm |
| 4:34 | Build | Farm |
| 4:57 | Build | Farm |
| 5:03 | Create | Villager (Male) |
| 5:13 | Build | Farm |
| 5:38 | Research | Feudal Age |
| 6:30 | Create | Villager (Male) |
| 6:33 | Age | Feudal Age |
| 6:37 | Research | Double-Bit Axe |
| 6:37 | Research | Double-Bit Axe |
| 6:38 | Research | Tech 1687 |
| 6:38 | Research | Tech 1687 |
| 6:39 | Research | Tech 1687 |
| 6:39 | Research | Tech 1688 |
| 6:39 | Research | Tech 1688 |
| 6:40 | Research | Tech 1688 |
| 6:53 | Build | Market |
| 7:20 | Research | Town Watch |
| 7:21 | Research | Town Watch |
| 7:21 | Research | Town Watch |
| 7:22 | Research | Tech 1612 |
| 7:22 | Research | Tech 1612 |
| 7:22 | Research | Tech 1612 |
| 7:23 | Research | Tech 1613 |
| 7:23 | Research | Tech 1613 |
| 7:23 | Research | Tech 1613 |
| 7:25 | Create | Villager (Male) |
| 7:26 | Create | Villager (Male) |
| 7:59 | Build | Dock |
| 8:17 | Create | Fishing Ship ×5 |
| 8:27 | Build | Lumber Camp |
| 8:41 | Build | Dock |
| 8:56 | Create | Villager (Male) |
| 9:00 | Create | Villager (Male) |
| 9:00 | Create | Villager (Male) |
| 9:01 | Create | Villager (Male) |
| 9:01 | Create | Villager (Male) |
| 9:09 | Build | Blacksmith |
| 9:24 | Build | Fish Trap |
| 9:29 | Research | Castle Age |
| 9:36 | Research | Castle Age |
| 9:39 | Create | Villager (Male) |
| 9:39 | Create | Villager (Male) |
| 9:53 | Build | Fish Trap |
| 9:55 | Create | Fishing Ship ×5 |
| 10:11 | Research | Forging |
| 10:11 | Research | Forging |
| 10:12 | Research | Forging |
| 10:12 | Research | Tech 1661 |
| 10:12 | Research | Tech 1661 |
| 10:13 | Research | Tech 1661 |
| 10:13 | Research | Tech 1662 |
| 10:14 | Research | Tech 1662 |
| 10:15 | Research | Scale Mail Armor |
| 10:15 | Research | Scale Mail Armor |
| 10:15 | Research | Scale Mail Armor |
| 10:16 | Research | Tech 1663 |
| 10:16 | Research | Tech 1663 |
| 10:16 | Research | Tech 1663 |
| 10:17 | Research | Tech 1664 |
| 10:17 | Research | Scale Barding Armor |
| 10:18 | Research | Scale Barding Armor |
| 10:19 | Research | Tech 1871 |
| 10:19 | Research | Tech 1871 |
| 10:20 | Research | Tech 1871 |
| 10:20 | Research | Tech 1872 |
| 10:20 | Research | Tech 1872 |
| 10:22 | Research | Padded Archer Armor |
| 10:22 | Research | Padded Archer Armor |
| 10:22 | Research | Padded Archer Armor |
| 10:23 | Research | Tech 1695 |
| 10:23 | Research | Tech 1695 |
| 10:24 | Research | Tech 1695 |
| 10:24 | Research | Tech 1696 |
| 10:27 | Research | Fletching |
| 10:27 | Research | Fletching |
| 10:27 | Research | Fletching |
| 10:28 | Research | Tech 1681 |
| 10:29 | Research | Tech 1681 |
| 10:29 | Research | Tech 1681 |
| 10:29 | Research | Tech 1682 |
| 10:30 | Research | Tech 1682 |
| 10:30 | Research | Tech 1682 |
| 10:35 | Build | Fish Trap |
| 10:49 | Age | Castle Age |
| 11:02 | Build | Farm |
| 11:07 | Research | Bow Saw |
| 11:07 | Research | Bow Saw |
| 11:08 | Research | Bow Saw |
| 11:08 | Research | Tech 1691 |
| 11:08 | Research | Tech 1691 |
| 11:09 | Research | Tech 1691 |
| 11:09 | Research | Tech 1692 |
| 11:09 | Research | Tech 1692 |
| 11:10 | Research | Tech 1692 |
| 11:19 | Create | Villager (Male) |
| 11:19 | Create | Villager (Male) |
| 11:28 | Build | Fish Trap |
| 11:30 | Build | Fish Trap |
| 11:33 | Build | Fish Trap |
| 11:40 | Build | University |
| 11:47 | Build | Fish Trap |
| 12:04 | Research | Iron Casting |
| 12:04 | Research | Iron Casting |
| 12:04 | Research | Iron Casting |
| 12:05 | Research | Tech 1869 |
| 12:05 | Research | Tech 1869 |
| 12:05 | Research | Tech 1869 |
| 12:06 | Research | Tech 1870 |
| 12:06 | Research | Tech 1870 |
| 12:07 | Research | Tech 1870 |
| 12:09 | Research | Chain Mail Armor |
| 12:09 | Research | Chain Mail Armor |
| 12:09 | Research | Chain Mail Armor |
| 12:10 | Research | Tech 1667 |
| 12:10 | Research | Tech 1667 |
| 12:11 | Research | Tech 1668 |
| 12:11 | Research | Tech 1668 |
| 12:12 | Research | Tech 1668 |
| 12:13 | Research | Chain Barding Armor |
| 12:13 | Research | Chain Barding Armor |
| 12:13 | Research | Chain Barding Armor |
| 12:14 | Research | Tech 1673 |
| 12:14 | Research | Tech 1673 |
| 12:14 | Research | Tech 1673 |
| 12:15 | Research | Tech 1674 |
| 12:15 | Research | Tech 1674 |
Build order — Ricci Demon
First 150 of 180 actions detected
| 0:04 | Research | Loom |
| 0:48 | Research | Tech 1628 |
| 1:28 | Build | Lumber Camp |
| 1:38 | Build | Mill |
| 1:57 | Build | Farm |
| 2:02 | Build | Farm |
| 2:06 | Build | Farm |
| 2:18 | Build | Farm |
| 2:23 | Build | Farm |
| 2:28 | Build | Farm |
| 2:33 | Build | Farm |
| 2:43 | Build | Farm |
| 3:03 | Create | Villager (Male) |
| 3:26 | Research | Feudal Age |
| 3:57 | Build | House |
| 4:04 | Build | House |
| 4:15 | Build | Lumber Camp |
| 4:20 | Age | Feudal Age |
| 4:34 | Research | Wheelbarrow |
| 4:39 | Research | Double-Bit Axe |
| 4:40 | Research | Tech 1687 |
| 4:41 | Research | Tech 1688 |
| 4:57 | Build | Market |
| 5:05 | Research | Tech 1699 |
| 5:06 | Research | Tech 1955 |
| 5:08 | Create | Villager (Male) |
| 5:09 | Create | Villager (Male) |
| 5:42 | Build | Blacksmith |
| 5:53 | Research | Castle Age |
| 6:05 | Research | Tech 1955 |
| 6:07 | Create | Villager (Male) |
| 6:08 | Create | Villager (Male) |
| 6:09 | Create | Villager (Male) |
| 6:10 | Create | Villager (Male) |
| 6:31 | Build | Lumber Camp |
| 6:57 | Age | Castle Age |
| 7:01 | Research | Bow Saw |
| 7:04 | Research | Tech 1691 |
| 7:08 | Research | Tech 1692 |
| 7:19 | Build | Farm |
| 7:46 | Build | Town Center |
| 8:08 | Build | Town Center |
| 8:13 | Research | Hand Cart |
| 8:14 | Research | Tech 1715 |
| 8:17 | Create | Villager (Male) |
| 8:17 | Create | Villager (Male) |
| 8:22 | Research | Tech 1716 |
| 8:55 | Build | Monastery |
| 9:14 | Build | University |
| 9:24 | Create | Villager (Male) ×5 |
| 9:25 | Create | Villager (Male) ×5 |
| 9:36 | Build | Lumber Camp |
| 9:50 | Research | Tech 1629 |
| 10:24 | Research | Imperial Age |
| 10:34 | Build | Lumber Camp |
| 10:59 | Build | Mill |
| 11:02 | Build | Farm |
| 11:03 | Build | Farm |
| 11:04 | Build | Farm |
| 11:05 | Build | Farm |
| 11:18 | Build | Farm |
| 11:20 | Build | Farm |
| 11:23 | Build | Farm |
| 11:26 | Build | Farm |
| 11:30 | Build | Farm |
| 11:32 | Build | Farm |
| 11:35 | Build | Farm |
| 11:40 | Age | Imperial Age |
| 11:43 | Research | Two-Man Saw |
| 11:44 | Research | Tech 1705 |
| 11:45 | Research | Tech 1706 |
| 11:51 | Research | Tech 1625 |
| 11:52 | Research | Tech 1624 |
| 11:52 | Research | Tech 1624 |
| 11:52 | Research | Horse Collar |
| 11:53 | Research | Horse Collar |
| 11:56 | Research | Town Watch |
| 11:57 | Research | Tech 1612 |
| 11:58 | Research | Tech 1613 |
| 12:01 | Create | Villager (Male) ×5 |
| 12:02 | Create | Villager (Male) ×5 |
| 12:02 | Create | Villager (Male) ×5 |
| 12:13 | Build | Lumber Camp |
| 12:32 | Build | Town Center |
| 12:36 | Research | Fletching |
| 12:37 | Research | Tech 1681 |
| 12:38 | Research | Tech 1682 |
| 12:39 | Research | Padded Archer Armor |
| 12:40 | Research | Tech 1695 |
| 12:40 | Research | Tech 1696 |
| 12:43 | Research | Scale Barding Armor |
| 12:44 | Research | Tech 1871 |
| 12:44 | Research | Tech 1872 |
| 12:44 | Research | Tech 1872 |
| 12:45 | Research | Scale Mail Armor |
| 12:46 | Research | Tech 1663 |
| 12:46 | Research | Tech 1663 |
| 12:47 | Research | Tech 1664 |
| 12:47 | Research | Tech 1664 |
| 12:47 | Research | Forging |
| 12:48 | Research | Tech 1661 |
| 12:48 | Research | Tech 1661 |
| 12:49 | Research | Tech 1662 |
| 12:56 | Build | Blacksmith |
| 13:04 | Create | Villager (Male) ×5 |
| 13:05 | Create | Villager (Male) ×4 |
| 13:13 | Research | Bodkin Arrow |
| 13:14 | Research | Tech 1683 |
| 13:15 | Research | Tech 1684 |
| 13:26 | Research | Tech 1623 |
| 13:26 | Research | Tech 1622 |
| 13:27 | Research | Heavy Plow |
| 13:33 | Research | Ballistics |
| 13:36 | Research | Chemistry |
| 13:37 | Research | Tech 1640 |
| 13:38 | Research | Tech 1641 |
| 13:40 | Research | Tech 1743 |
| 13:40 | Research | Tech 1743 |
| 13:41 | Research | Tech 1744 |
| 13:42 | Research | Tech 1651 |
| 13:42 | Research | Tech 1651 |
| 13:43 | Research | Tech 1652 |
| 13:44 | Research | Masonry |
| 13:45 | Research | Masonry |
| 13:45 | Research | Tech 1646 |
| 13:45 | Research | Tech 1646 |
| 13:46 | Research | Tech 1647 |
| 13:47 | Research | Murder Holes |
| 13:48 | Research | Fortified Wall (upgrade) |
| 13:49 | Research | Guard Tower (upgrade) |
| 13:49 | Research | Arrowslits |
| 13:50 | Research | Heated Shot |
| 13:52 | Research | Tech 1812 |
| 13:54 | Research | Heated Shot |
| 13:59 | Research | Bracer |
| 13:59 | Research | Leather Archer Armor |
| 14:05 | Research | Tech 1685 |
| 14:06 | Research | Tech 1697 |
| 14:09 | Research | Tech 1686 |
| 14:09 | Research | Tech 1698 |
| 14:17 | Build | Lumber Camp |
| 14:30 | Build | Barracks |
| 14:44 | Build | Stable |
| 14:49 | Build | Archery Range |
| 15:12 | Build | Castle |
| 15:20 | Build | Town Center |
| 15:37 | Create | Villager (Male) ×5 |
| 15:38 | Create | Villager (Male) ×5 |
| 15:40 | Research | Town Patrol |
| 15:40 | Research | Town Patrol |
Build order — atibet09
45 actions detected in the replay
| 0:03 | Create | Villager (Male) ×4 |
| 0:25 | Build | House |
| 1:00 | Build | Mill |
| 1:47 | Build | Farm |
| 1:48 | Build | Farm |
| 1:50 | Build | Farm |
| 2:12 | Build | Farm |
| 2:21 | Research | Loom |
| 2:39 | Build | Farm |
| 2:50 | Build | Farm |
| 2:54 | Create | Villager (Male) ×2 |
| 3:17 | Build | Lumber Camp |
| 3:28 | Create | Villager (Male) |
| 3:28 | Create | Villager (Male) |
| 4:12 | Create | Villager (Male) ×5 |
| 5:42 | Research | Tech 1628 |
| 5:47 | Research | Feudal Age |
| 6:18 | Build | Lumber Camp |
| 7:40 | Age | Feudal Age |
| 8:18 | Build | Lumber Camp |
| 8:32 | Research | Wheelbarrow |
| 8:42 | Research | Tech 1699 |
| 8:44 | Research | Tech 1700 |
| 8:59 | Research | Double-Bit Axe |
| 9:02 | Research | Tech 1687 |
| 9:04 | Research | Tech 1688 |
| 9:12 | Research | Tech 1625 |
| 9:15 | Research | Tech 1624 |
| 9:18 | Research | Horse Collar |
| 9:30 | Research | Town Watch |
| 9:33 | Research | Tech 1612 |
| 9:35 | Research | Tech 1613 |
| 10:48 | Build | House |
| 10:56 | Create | Villager (Male) ×5 |
| 11:22 | Build | Farm |
| 12:12 | Create | Villager (Male) ×5 |
| 12:30 | Build | Lumber Camp |
| 12:37 | Build | Lumber Camp |
| 13:34 | Build | Farm |
| 13:49 | Build | Blacksmith |
| 14:30 | Build | Lumber Camp |
| 15:10 | Build | Market |
| 15:37 | Build | Lumber Camp |
| 15:41 | Research | Castle Age |
| 16:45 | Age | Castle Age |
Build order — JuanMalote
First 150 of 240 actions detected
| 1:28 | Build | Mill |
| 1:32 | Build | Lumber Camp |
| 1:48 | Build | Farm |
| 1:52 | Build | Farm |
| 1:54 | Build | Farm |
| 2:00 | Build | Farm |
| 2:02 | Build | Farm |
| 2:11 | Build | Lumber Camp |
| 2:27 | Build | Farm |
| 2:30 | Build | Farm |
| 2:43 | Create | Villager (Male) |
| 3:03 | Build | Lumber Camp |
| 3:09 | Research | Feudal Age |
| 3:19 | Build | Farm |
| 4:01 | Age | Feudal Age |
| 4:04 | Research | Double-Bit Axe |
| 4:04 | Research | Double-Bit Axe |
| 4:05 | Research | Tech 1687 |
| 4:05 | Research | Tech 1687 |
| 4:10 | Build | Market |
| 4:12 | Create | Villager (Male) |
| 4:13 | Create | Villager (Male) |
| 4:15 | Create | Villager (Male) |
| 4:19 | Build | Blacksmith |
| 4:33 | Research | Tech 1688 |
| 4:38 | Create | Villager (Male) |
| 4:40 | Build | Lumber Camp |
| 4:52 | Build | Farm |
| 5:13 | Research | Castle Age |
| 5:33 | Build | Lumber Camp |
| 5:51 | Build | Lumber Camp |
| 5:56 | Build | Farm |
| 6:11 | Build | Lumber Camp |
| 6:29 | Create | Villager (Male) |
| 6:30 | Age | Castle Age |
| 6:40 | Create | Villager (Male) |
| 6:41 | Create | Villager (Male) |
| 6:55 | Create | Villager (Male) |
| 7:02 | Research | Bow Saw |
| 7:02 | Research | Tech 1691 |
| 7:03 | Research | Tech 1692 |
| 7:05 | Research | Tech 1625 |
| 7:05 | Research | Tech 1625 |
| 7:06 | Research | Tech 1624 |
| 7:06 | Research | Tech 1624 |
| 7:11 | Build | Siege Workshop |
| 7:17 | Build | Monastery |
| 7:27 | Research | Bow Saw |
| 7:27 | Research | Bow Saw |
| 7:33 | Create | Mangonel |
| 7:34 | Create | Mangonel |
| 7:36 | Create | Mangonel |
| 7:45 | Research | Imperial Age |
| 7:55 | Build | Farm |
| 8:00 | Build | Town Center |
| 8:23 | Build | Lumber Camp |
| 8:26 | Create | Villager (Male) |
| 8:28 | Create | Villager (Male) |
| 8:29 | Create | Villager (Male) |
| 8:41 | Build | Town Center |
| 8:47 | Build | Mining Camp |
| 9:00 | Create | Villager (Male) |
| 9:03 | Age | Imperial Age |
| 9:04 | Research | Town Watch |
| 9:05 | Research | Town Watch |
| 9:05 | Research | Tech 1612 |
| 9:05 | Research | Tech 1612 |
| 9:05 | Research | Tech 1612 |
| 9:10 | Research | Onager (upgrade) |
| 9:12 | Research | Heavy Scorpion (upgrade) |
| 9:14 | Research | Siege Elephant (upgrade) |
| 9:16 | Research | Tech 1705 |
| 9:16 | Research | Tech 1705 |
| 9:17 | Research | Tech 1706 |
| 9:17 | Research | Tech 1706 |
| 9:19 | Research | Horse Collar |
| 9:19 | Research | Horse Collar |
| 9:23 | Research | Stone Mining |
| 9:24 | Research | Stone Mining |
| 9:24 | Research | Tech 1723 |
| 9:25 | Research | Tech 1723 |
| 9:25 | Research | Tech 1724 |
| 9:25 | Research | Tech 1724 |
| 9:42 | Create | Villager (Male) |
| 10:16 | Create | Villager (Male) |
| 10:16 | Create | Villager (Male) |
| 10:25 | Create | Villager (Male) |
| 10:45 | Create | Villager (Male) |
| 10:45 | Create | Villager (Male) |
| 10:46 | Create | Villager (Male) |
| 10:47 | Research | Town Patrol |
| 10:47 | Research | Town Patrol |
| 10:47 | Research | Tech 1613 |
| 10:48 | Research | Tech 1613 |
| 10:49 | Research | Wheelbarrow |
| 10:49 | Research | Wheelbarrow |
| 10:50 | Research | Tech 1699 |
| 11:01 | Create | Villager (Male) |
| 11:01 | Create | Villager (Male) |
| 11:01 | Create | Villager (Male) |
| 11:02 | Research | Tech 1955 |
| 11:14 | Research | Stone Shaft Mining |
| 11:14 | Research | Stone Shaft Mining |
| 11:15 | Research | Tech 1727 |
| 11:15 | Research | Tech 1727 |
| 11:16 | Research | Tech 1728 |
| 11:16 | Research | Tech 1728 |
| 11:20 | Build | Mining Camp |
| 11:21 | Create | Villager (Male) |
| 11:22 | Create | Villager (Male) |
| 11:31 | Build | Mining Camp |
| 11:40 | Create | Villager (Male) |
| 11:42 | Build | Blacksmith |
| 11:50 | Research | Gold Mining |
| 11:50 | Research | Gold Mining |
| 11:50 | Research | Tech 1653 |
| 11:51 | Research | Tech 1653 |
| 11:51 | Research | Tech 1654 |
| 11:51 | Research | Tech 1654 |
| 11:58 | Create | Villager (Male) |
| 11:58 | Create | Villager (Male) |
| 12:03 | Build | Barracks |
| 12:08 | Research | Scale Mail Armor |
| 12:09 | Research | Scale Mail Armor |
| 12:09 | Research | Tech 1663 |
| 12:09 | Research | Tech 1663 |
| 12:10 | Research | Tech 1664 |
| 12:10 | Research | Tech 1664 |
| 12:11 | Research | Forging |
| 12:12 | Research | Forging |
| 12:12 | Research | Tech 1661 |
| 12:22 | Build | Castle |
| 12:24 | Create | Villager (Male) |
| 12:33 | Create | Villager (Male) |
| 12:33 | Create | Villager (Male) |
| 12:33 | Create | Villager (Male) |
| 12:36 | Research | Gold Shaft Mining |
| 12:36 | Research | Gold Shaft Mining |
| 12:38 | Research | Tech 1662 |
| 12:38 | Research | Tech 1662 |
| 12:47 | Research | Tech 1623 |
| 12:47 | Research | Tech 1623 |
| 12:48 | Research | Tech 1622 |
| 12:48 | Research | Tech 1622 |
| 12:49 | Research | Tech 1677 |
| 12:49 | Research | Tech 1677 |
| 12:50 | Research | Tech 1678 |
| 12:50 | Research | Tech 1678 |
| 12:57 | Create | Villager (Male) |
| 12:58 | Create | Villager (Male) |
Build order — Texas Red
First 150 of 201 actions detected
| 1:35 | Build | Lumber Camp |
| 2:38 | Build | Mill |
| 2:50 | Build | Farm |
| 2:51 | Build | Farm |
| 2:52 | Build | Farm |
| 2:53 | Build | Farm |
| 2:55 | Build | Farm |
| 2:57 | Build | Farm |
| 2:59 | Build | Farm |
| 3:23 | Create | Villager (Male) |
| 3:30 | Build | Lumber Camp |
| 3:47 | Research | Feudal Age |
| 3:47 | Research | Feudal Age |
| 4:39 | Age | Feudal Age |
| 4:49 | Research | Double-Bit Axe |
| 4:49 | Research | Double-Bit Axe |
| 4:49 | Research | Tech 1687 |
| 4:50 | Research | Tech 1687 |
| 4:50 | Research | Tech 1688 |
| 4:50 | Research | Tech 1688 |
| 4:50 | Research | Tech 1688 |
| 5:00 | Build | Market |
| 5:06 | Build | Blacksmith |
| 5:24 | Research | Castle Age |
| 5:25 | Research | Castle Age |
| 6:28 | Age | Castle Age |
| 6:33 | Create | Villager (Male) |
| 7:03 | Research | Double-Bit Axe |
| 7:03 | Research | Double-Bit Axe |
| 7:03 | Research | Double-Bit Axe |
| 7:03 | Research | Tech 1687 |
| 7:04 | Research | Tech 1687 |
| 7:04 | Research | Tech 1688 |
| 7:04 | Research | Tech 1688 |
| 7:06 | Research | Wheelbarrow |
| 7:06 | Research | Wheelbarrow |
| 7:06 | Research | Tech 1699 |
| 7:07 | Research | Tech 1699 |
| 7:07 | Research | Tech 1955 |
| 7:07 | Research | Tech 1955 |
| 7:25 | Build | Lumber Camp |
| 7:31 | Build | Lumber Camp |
| 7:39 | Research | Bow Saw |
| 7:39 | Research | Bow Saw |
| 7:39 | Research | Tech 1691 |
| 7:40 | Research | Tech 1691 |
| 7:40 | Research | Tech 1691 |
| 7:40 | Research | Tech 1692 |
| 7:41 | Research | Tech 1692 |
| 7:47 | Research | Fletching |
| 7:47 | Research | Fletching |
| 7:47 | Research | Fletching |
| 7:48 | Research | Tech 1681 |
| 7:48 | Research | Tech 1681 |
| 7:48 | Research | Tech 1682 |
| 7:49 | Research | Tech 1682 |
| 8:21 | Research | Hand Cart |
| 8:21 | Research | Hand Cart |
| 8:22 | Research | Tech 1715 |
| 8:22 | Research | Tech 1715 |
| 8:22 | Research | Tech 1715 |
| 8:22 | Research | Tech 1716 |
| 8:23 | Research | Tech 1716 |
| 8:58 | Build | Siege Workshop |
| 9:02 | Build | Monastery |
| 9:04 | Build | Lumber Camp |
| 9:10 | Build | Lumber Camp |
| 9:26 | Research | Imperial Age |
| 9:37 | Create | Mangonel |
| 9:53 | Build | Town Center |
| 10:04 | Build | Town Center |
| 10:12 | Build | University |
| 10:23 | Research | Town Watch |
| 10:24 | Research | Tech 1612 |
| 10:25 | Research | Loom |
| 10:27 | Research | Tech 1613 |
| 10:27 | Research | Tech 1613 |
| 10:28 | Research | Tech 1628 |
| 10:28 | Research | Tech 1628 |
| 10:28 | Research | Tech 1629 |
| 10:28 | Research | Tech 1629 |
| 10:32 | Research | Coinage |
| 10:32 | Research | Coinage |
| 10:37 | Research | Treadmill Crane |
| 10:38 | Research | Treadmill Crane |
| 10:38 | Research | Tech 1651 |
| 10:38 | Research | Tech 1651 |
| 10:39 | Research | Tech 1652 |
| 10:39 | Research | Tech 1652 |
| 10:40 | Research | Murder Holes |
| 10:40 | Research | Ballistics |
| 10:41 | Research | Ballistics |
| 10:42 | Research | Bodkin Arrow |
| 10:43 | Research | Bodkin Arrow |
| 10:43 | Research | Tech 1683 |
| 10:43 | Research | Tech 1683 |
| 10:44 | Research | Tech 1684 |
| 10:44 | Research | Tech 1684 |
| 10:46 | Create | Mangonel |
| 10:46 | Create | Mangonel |
| 10:56 | Research | Town Patrol |
| 10:58 | Age | Imperial Age |
| 10:59 | Research | Tech 1705 |
| 11:00 | Research | Tech 1705 |
| 11:00 | Research | Tech 1706 |
| 11:00 | Research | Tech 1706 |
| 11:01 | Research | Tech 1706 |
| 11:04 | Research | Bracer |
| 11:05 | Research | Bracer |
| 11:05 | Research | Tech 1685 |
| 11:05 | Research | Tech 1685 |
| 11:06 | Research | Tech 1686 |
| 11:06 | Research | Tech 1686 |
| 11:07 | Research | Onager (upgrade) |
| 11:07 | Research | Onager (upgrade) |
| 11:13 | Research | Guilds |
| 11:39 | Research | Chemistry |
| 11:39 | Research | Chemistry |
| 11:40 | Research | Tech 1640 |
| 11:40 | Research | Tech 1640 |
| 11:41 | Research | Tech 1641 |
| 11:41 | Research | Tech 1641 |
| 11:41 | Research | Tech 1641 |
| 11:41 | Research | Siege Engineers |
| 11:42 | Research | Siege Engineers |
| 11:42 | Research | Tech 1743 |
| 11:42 | Research | Tech 1743 |
| 11:43 | Research | Tech 1744 |
| 11:43 | Research | Tech 1744 |
| 11:46 | Create | Villager (Male) ×5 |
| 12:00 | Build | Monastery |
| 12:08 | Build | Lumber Camp |
| 12:12 | Create | Monk |
| 12:22 | Research | Banking |
| 12:25 | Research | Heavy Scorpion (upgrade) |
| 13:15 | Create | Villager (Male) ×5 |
| 13:16 | Create | Villager (Male) ×5 |
| 14:11 | Research | Capped Ram (upgrade) |
| 14:11 | Research | Capped Ram (upgrade) |
| 14:13 | Create | Villager (Male) ×5 |
| 14:16 | Build | Lumber Camp |
| 14:25 | Research | Masonry |
| 14:25 | Research | Masonry |
| 14:25 | Research | Tech 1646 |
| 14:26 | Research | Tech 1646 |
| 14:26 | Research | Tech 1647 |
| 14:26 | Research | Tech 1647 |
| 14:26 | Research | Tech 1647 |
| 14:30 | Research | Forging |
| 14:30 | Research | Forging |
Match timeline
| 4:01 | JuanMalote · age_up feudal |
| 4:09 | 東亞窪地 · age_up feudal |
| 4:20 | Ricci Demon · age_up feudal |
| 4:39 | Texas Red · age_up feudal |
| 4:46 | JuanMalote · first_market_sell 500 wood |
| 5:16 | Ricci Demon · first_market_sell 500 wood |
| 5:22 | Texas Red · first_market_sell 500 wood |
| 6:20 | Rita That One Væb Girl · age_up feudal |
| 6:28 | Texas Red · age_up castle |
| 6:30 | JuanMalote · age_up castle |
| 6:33 | WipiWi · age_up feudal |
| 6:57 | Ricci Demon · age_up castle |
| 7:11 | JuanMalote · first_building Siege Workshop |
| 7:17 | JuanMalote · first_building Monastery |
| 7:21 | 東亞窪地 · first_market_sell 100 wood |
| 7:40 | atibet09 · age_up feudal |
| 7:59 | WipiWi · first_building Dock |
| 8:34 | 東亞窪地 · age_up castle |
| 8:55 | Ricci Demon · first_building Monastery |
| 8:58 | Texas Red · first_building Siege Workshop |
| 9:02 | Texas Red · first_building Monastery |
| 9:03 | JuanMalote · age_up imperial |
| 9:30 | Panda314 · age_up feudal |
| 10:09 | Ricci Demon · first_market_buy 100 food |
| 10:40 | Panda314 · first_building Barracks |
| 10:42 | 東亞窪地 · first_market_buy 100 stone |
| 10:49 | WipiWi · age_up castle |
| 10:52 | 東亞窪地 · first_building Castle |
| 10:58 | Texas Red · age_up imperial |
| 11:02 | Panda314 · first_building Archery Range |
| 11:21 | Panda314 · age_up castle |
| 11:40 | Ricci Demon · age_up imperial |
| 12:03 | JuanMalote · first_building Barracks |
| 12:22 | JuanMalote · first_building Castle |
| 12:50 | Rita That One Væb Girl · age_up castle |
| 12:51 | Panda314 · first_building Siege Workshop |
| 13:01 | Panda314 · first_building Monastery |
| 13:19 | 東亞窪地 · first_building Barracks |
| 13:28 | WipiWi · first_building Siege Workshop |
| 14:07 | 東亞窪地 · age_up imperial |
| 14:30 | Ricci Demon · first_building Barracks |
| 14:44 | Ricci Demon · first_building Stable |
| 14:49 | Ricci Demon · first_building Archery Range |
| 14:50 | Panda314 · age_up imperial |
| 14:55 | WipiWi · age_up imperial |
| 15:00 | 東亞窪地 · first_building Siege Workshop |
| 15:01 | Panda314 · first_building Stable |
| 15:12 | Ricci Demon · first_building Castle |
| 15:31 | Rita That One Væb Girl · first_market_buy 100 stone |
| 15:32 | Panda314 · wall_segment Palisade Wall x1 |
| 15:44 | Rita That One Væb Girl · first_building Castle |
| 16:14 | Texas Red · first_building Castle |
| 16:33 | Texas Red · first_building Barracks |
| 16:45 | atibet09 · age_up castle |
[ AI ANALYSIS · 1 CREDIT ]
What really happened in this match?
Wolo.gg analyzes every decision: build order, eco, micro, common mistakes by bracket. Personalized analysis on WhatsApp or Discord in 30 seconds.
Civ guide
Burmese
Perfil
Jugador #4269508